 Dungeon Crawl Stone Soup version 0.30-a0-739-gea05faddec (webtiles) character file.

Game seed: 5977716862869198452

24 epen the Slicer (level 3, -5/37 HPs)
             Began as a Gnoll Wanderer on Feb 4, 2023.
             Slain by Terence
             ... wielding a +1 flail of protection
              (9 damage)
             ... on level 2 of the Dungeon.
             The game lasted 00:01:26 (756 turns).

epen the Slicer (Gnoll Wanderer)                     Turns: 756, Time: 00:01:26

Health: -5/37      AC: 21    Str: 13    XL:     3   Next: 2%
Magic:  9/9        EV:  2    Int: 10    God:
Gold:   87         SH:  0    Dex: 12    Spells: 12/12 levels left

rFire   + . .      SeeInvis .    (no weapon)
rCold   + . .      Faith    .    (no shield)
rNeg    . . .      Spirit   .    (body armour currently unavailable)
rPois   +          Reflect  .    (helmet currently unavailable)
rElec   +          Harm     .    (cloak currently unavailable)
rCorr   +          Rampage  .    (gloves currently unavailable)
Will    .....      NoTele   +    (boots currently unavailable)
Stlth   ++                       (no amulet)
HPRegen 0.26/turn                (no ring)
MPRegen 0.11/turn                (no ring)

@: tree-form, resistant
A: stationary, stasis, torment immunity, boosted hp, (fangs 1), strong nose,
distributed training
a: no special abilities


You were on level 2 of the Dungeon.
You were a tree.
You visited 1 branch of the dungeon, and saw 2 of its levels.

You collected 87 gold pieces.

Inventory:

Hand Weapons
 a - a +0 rapier
Armour
 b - a +0 ring mail (melded)
 e - a +0 hat (melded)
 h - a +0 pair of gloves (melded)
Scrolls
 c - a scroll of blinking
 f - a scroll of teleportation {unknown}
 g - a scroll of immolation {unknown}
 i - a scroll of fog {unknown}
 j - a scroll of vulnerability {unknown}


   Skills:
 + Level 0.6 Fighting
 + Level 8.5 Short Blades
 + Level 0.6 Long Blades
 + Level 0.6 Axes
 + Level 0.6 Maces & Flails
 + Level 0.6 Polearms
 + Level 0.6 Staves
 + Level 0.6 Ranged Weapons
 + Level 0.6 Throwing
 + Level 4.5 Armour
 + Level 0.6 Dodging
 + Level 4.1 Stealth
 + Level 0.6 Shields
 + Level 0.6 Unarmed Combat
 + Level 5.0 Spellcasting
 + Level 0.4 Conjurations
 + Level 0.4 Hexes
 + Level 0.4 Summonings
 + Level 0.4 Necromancy
 + Level 0.4 Translocations
 + Level 0.4 Transmutations
 + Level 0.4 Fire Magic
 + Level 0.4 Ice Magic
 + Level 0.4 Air Magic
 + Level 0.4 Earth Magic
 + Level 0.4 Poison Magic
 + Level 0.8 Invocations
 + Level 0.6 Evocations


You had 12 spell levels left.
You didn't know any spells.
Your spell library contained the following spells:

 Spells                   Type           Power      Damage    Failure   Level
 Momentum Strike          Conj/Tloc      6%         3d8       28%         2
 Static Discharge         Conj/Air       6%         2-3/arc   28%         2


Dungeon Overview and Level Annotations

Branches:
Dungeon (2/15)

Altars:

Shops:
D:1 ?

Annotations:
D:2 Terence


Innate Abilities, Weirdness & Mutations

You are a tree.
Your roots penetrate the ground, keeping you stationary.
You cannot be teleported.
You are immune to unholy pain and torment.
Your maximum health is greatly increased.
Your equipment is partially melded.
((You have very sharp teeth.))
Your uncanny sense of smell can sniff out nearby items.
Your experience applies equally to all skills.


Message History

You hit Terence but do no damage.
Terence is moderately wounded.
Terence hits you with a +1 flail of protection.
You are too injured to fight recklessly!
It was a potion of resistance.
You feel protected.
Terence zaps a wand.
The puff of flame hits you. You resist.
It was a potion of lignification.
You turn into a tree.
Your +0 hat melds into your body.
Your +0 pair of gloves melds into your body.
Your +0 ring mail melds into your body.
Your roots penetrate the ground.
Terence hits you but does no damage.
You are now empty-handed.
You hit Terence.
Terence is heavily wounded.
Terence hits you but does no damage.
You hit Terence.
Terence is severely wounded.
Terence zaps a wand.
The puff of flame hits you but does no damage.
You hit Terence but do no damage.
Terence is severely wounded.
Terence barely misses you.
You hit Terence but do no damage.
Terence is severely wounded.
Terence hits you but does no damage.
You barely miss Terence.
Terence is severely wounded.
Terence zaps a wand.
The puff of flame hits you. You resist.
You hit Terence.
Terence is almost dead.
Terence hits you but does no damage.
You hit Terence but do no damage.
Terence is almost dead.
Terence hits you with a +1 flail of protection!
* * * LOW HITPOINT WARNING * * *
You hit Terence but do no damage.
Terence is almost dead.
Terence hits you with a +1 flail of protection!
You die...

∆∆∆.. .# .....
....# ##.#.#
....# #.#.#
#.####.#.###.#
#......♣@....#
######.#######
#.# #<# #.#
###


You could see Terence.

Vanquished Creatures
  A dart slug (D:1)
  3 bats (D:1)
  2 endoplasms (D:1)
  6 giant cockroaches (D:1)
  A goblin (D:1)
  A hobgoblin (D:1)
  2 kobolds (D:1)
  A rat (D:1)
17 creatures vanquished.

Notes
Turn   | Place    | Note
-------+----------+-------------------------------------------
     0 | D:1      | epen the Gnoll Wanderer began the quest for the Orb.
     0 | D:1      | epen set off with the following items: a +0 rapier, a +0
                  | ring mail, a scroll of blinking; and the following spells
                  | available to memorise: Momentum Strike, Static Discharge.
     0 | D:1      | Reached XP level 1. HP: 13/13 MP: 6/6
   133 | D:1      | Found Onasemou's Magic Scroll Emporium.
   208 | D:1      | Reached XP level 2. HP: 19/19 MP: 7/7
   599 | D:1      | Found a faded altar of an unknown god.
   628 | D:1      | Reached skill level 5 in Spellcasting
   628 | D:1      | Reached XP level 3. HP: 20/25 MP: 7/9
   741 | D:2      | Noticed Terence
   756 | D:2      | Slain by Terence

Illustrated notes

Levels and vault maps discovered:
D:1:      giann_forest_graveyard, layout_loops_ring, serial_shops, shop,
          basic_ecumenical_altar
D:2:      layout_basic, serial_shops, shop_coins, uniq_terence, uniq_natasha

Skill      XL: |  1  2 |
---------------+-------+-----
Spellcasting   | 5 |  5.0
Fighting       | |  0.6
Short Blades   | |  8.5
Long Blades    | |  0.6
Axes           | |  0.6
Maces & Flails | |  0.6
Polearms       | |  0.6
Staves         | |  0.6
Ranged Weapons | |  0.6
Throwing       | |  0.6
Armour         | |  4.5
Dodging        | |  0.6
Stealth        | |  4.1
Shields        | |  0.6
Unarmed Combat | |  0.6
Conjurations   | |  0.4
Hexes          | |  0.4
Summonings     | |  0.4
Necromancy     | |  0.4
Translocations | |  0.4
Transmutations | |  0.4
Fire Magic     | |  0.4
Ice Magic      | |  0.4
Air Magic      | |  0.4
Earth Magic    | |  0.4
Poison Magic   | |  0.4
Invocations    | |  0.8
Evocations     | |  0.6

Action                     || total
---------------------------++-------
  Melee: Rapier            ||    63
         Bite              ||     2
         Unarmed           ||     8
    Use: Potion            ||     2
   Stab: Sleeping          ||     2
 Armour: Ring mail         ||    27
         Skin              ||     5
  Dodge: Dodged            ||    29

Table legend: (Time is in decaauts)
 A = Elapsed time spent in this place.
 B = Non-inter-level travel time spent in this place.
 C = Inter-level travel time spent in this place.
 D = Time resting spent in this place.
 E = Time spent auto-exploring this place.
 F = Levels seen in this place.
 G = Mean time per level.
                   A        B        C        D        E       F      G
               +--------+--------+--------+--------+--------+-----+--------+
         Total |    741 |    714 |     27 |      0 |    547 |   2 |  370.5 |
       Dungeon |    741 |    714 |     27 |      0 |    547 |   2 |  370.5 |
               +--------+--------+--------+--------+--------+-----+--------+

Top non-repeatable levels by time:
     D:1: 726 daAuts
     D:2: 15 daAuts
